[Event "Titled Tuesday Blitz November 07 Early 2023"]
[White "Pham, Le Thao Nguyen"]
[Black "Balla, Tamas-Kristof"]
[WhiteFideId "12401226"]
[BlackFideId "1208497"]
[WhiteElo "2527"]
[BlackElo "2315"]
[Result "1-0"]
[Round "5"]
[TimeControl "180+1"]
[Date "2023.11.07"]
[WhiteClock "0:00:07"]
[BlackClock "0:00:41"]
[Board "134"]

1. d4 d5 2. c4 e6 3. Nc3 c5 4. cxd5 exd5 5. Nf3 Nc6 6. g3 Nf6 7. Bg2 cxd4 8. Nxd4 Bc5 9. Nb3 Bb6 10. O-O d4 11. Na4 O-O 12. Bg5 Re8 13. Nxb6 axb6 14. Bxc6 bxc6 15. Qxd4 Qxd4 16. Nxd4 c5 17. Bxf6 gxf6 18. Nc6 Rxe2 19. Rfe1 Rxb2 20. Ne7+ Kg7 21. Nxc8 Rxc8 22. a4 c4 23. Rec1 c3 24. Kg2 c2 25. h4 h5 26. Kf3 Rc3+ 27. Ke2 Rc5 28. Kd2 Kg6 29. Ra3 Rb4 30. Rxc2 Rf5 31. Ke2 Re5+ 32. Kf1 Ree4 33. Rc6 Rb1+ 34. Kg2 Rb2 35. Rf3 Re6 36. Rc4 Ra2 37. Rff4 f5 38. Rb4 f6 39. Rb5 Re5 40. Rxb6 Re4 41. Rb4 Ree2 42. Rb5 Re4 43. Rbxf5 Raxa4 44. Rxf6+ Kg7 45. Rxe4 Rxe4 46. Rc6 Ra4 47. Kf3 Kf7 48. Rh6 Ra3+ 49. Kf4 Ra5 50. f3 Kg7 51. Re6 Ra4+ 52. Re4 Ra3 53. Re5 Kg6 54. Re6+ Kg7 55. g4 Ra4+ 56. Re4 Ra5 57. Re5 Ra4+ 58. Kg5 hxg4 59. fxg4 Ra7 60. h5 Rc7 61. Re6 Kh7 62. Kf5 Rc5+ 63. Re5 Rc7 64. g5 Kg7 65. h6+ Kh7 66. Kg4 Rc1 67. Re7+ Kg6 68. Rg7# 1-0


[Site "https://www.chess.com"]

[Event "Titled Tuesday Blitz November 07 Early 2023"]
[White "Alinasab, Mobina"]
[Black "ilya2700"]
[WhiteFideId "12528897"]
[WhiteElo "2527"]
[BlackElo "2307"]
[Result "1-0"]
[Round "5"]
[TimeControl "180+1"]
[Date "2023.11.07"]
[WhiteClock "0:00:13"]
[BlackClock "0:00:05"]
[Board "135"]

1. e4 c5 2. Nf3 e6 3. d4 cxd4 4. Nxd4 Nf6 5. Nc3 Nc6 6. Be2 Bb4 7. O-O O-O 8. Nxc6 bxc6 9. e5 Nd5 10. Qd4 Be7 11. Ne4 f5 12. Nd6 Bxd6 13. exd6 Re8 14. c4 Nf6 15. Bf4 a5 16. Be5 Rb8 17. b3 Rf8 18. Rab1 Rf7 19. Qa7 Rb7 20. Qa8 Rf8 21. c5 Ne4 22. Rbc1 Qg5 23. f4 Qd8 24. Ba6 Rb4 25. Bxc8 Qxc8 26. Qxa5 Rb5 27. Qa3 Qb7 28. Bd4 Ra8 29. Qb2 Qa7 30. b4 Qxa2 31. Ra1 Qxa1 32. Rxa1 Rxa1+ 33. Qxa1 Rxb4 34. Bxg7 Nxc5 35. Be5 Ne4 36. Qa8+ Kf7 37. h3 h5 38. Qh8 h4 39. Qxh4 c5 40. Qe7+ Kg6 41. Qxd7 Kh5 42. Qxe6 Kh4 43. Qh6+ Kg3 44. Qg6+ Kh4 45. Bf6+ Nxf6 46. Qxf6+ Kg3 47. Qg5# 1-0


[Site "https://www.chess.com"]

[Event "Titled Tuesday Blitz November 07 Early 2023"]
[White "Toktomushev, Teimur"]
[Black "Lesbekova, Assel"]
[WhiteFideId "14176726"]
[BlackFideId "13713248"]
[WhiteElo "2525"]
[BlackElo "2305"]
[Result "1-0"]
[Round "5"]
[TimeControl "180+1"]
[Date "2023.11.07"]
[WhiteClock "0:00:05"]
[BlackClock "0:01:40"]
[Board "136"]

1. d4 d5 2. c4 e6 3. Nc3 a6 4. cxd5 exd5 5. Nf3 c6 6. Bf4 Bd6 7. Ne5 Nf6 8. e3 O-O 9. Bd3 Re8 10. O-O Be6 11. h3 Qc7 12. Bh2 Nbd7 13. f4 Nf8 14. Rc1 b5 15. Ne2 Qa5 16. a3 Rac8 17. Nxc6 Qb6 18. Ne5 Ne4 19. f5 Bd7 20. Bxe4 dxe4 21. Nc3 Qb7 22. Nxd7 Bxh2+ 23. Kxh2 Qxd7 24. Qg4 f6 25. Kh1 Qe7 26. Qf4 Rc4 27. Nd5 Qd7 28. Nb6 Qf7 29. Nxc4 Qxc4 30. Rxc4 bxc4 31. Rc1 Rc8 32. Qxe4 Nd7 33. Qe6+ Kf8 34. Qxd7 Re8 35. Rxc4 1-0


[Site "https://www.chess.com"]

[Event "Titled Tuesday Blitz November 07 Early 2023"]
[White "Kohler, Aran"]
[Black "Dushyant Sharma"]
[WhiteFideId "1002856"]
[BlackFideId "25065130"]
[WhiteElo "2297"]
[BlackElo "2524"]
[Result "0-1"]
[Round "5"]
[TimeControl "180+1"]
[Date "2023.11.07"]
[WhiteClock "0:00:06"]
[BlackClock "0:00:40"]
[Board "137"]

1. d4 d5 2. Nf3 e6 3. Bf4 f5 4. e3 Bd6 5. Ne5 Nf6 6. Nd2 O-O 7. h3 c5 8. c3 Nc6 9. Nxc6 bxc6 10. Bxd6 Qxd6 11. Nf3 Ne4 12. Bd3 Rb8 13. Rb1 cxd4 14. exd4 c5 15. O-O Ba6 16. Ne5 cxd4 17. cxd4 Rb4 18. Bxa6 Qxa6 19. a3 Rb7 20. f3 Ng3 21. Re1 f4 22. Kh2 Rfb8 23. Nd3 Qd6 24. b4 Nf5 25. Nc5 Re7 26. Re5 Rbe8 27. Qa4 Nxd4 28. Rbe1 h6 29. Qd1 Nb5 30. Qd3 a6 31. a4 Na7 32. Qg6 Nc6 33. Rxe6 Rxe6 34. Rxe6 Rxe6 35. Nxe6 Qe7 36. Nxf4 Nxb4 37. Nh5 d4 38. f4 d3 39. f5 d2 40. f6 Qc7+ 41. g3 d1=Q 42. Qe8+ Kh7 43. fxg7 Qcc2+ 0-1


[Site "https://www.chess.com"]

[Event "Titled Tuesday Blitz November 07 Early 2023"]
[White "Bettalli, Francesco"]
[Black "Belanoff, Ted"]
[WhiteFideId "2816453"]
[BlackFideId "2070588"]
[WhiteElo "2518"]
[BlackElo "2296"]
[Result "1-0"]
[Round "5"]
[TimeControl "180+1"]
[Date "2023.11.07"]
[WhiteClock "0:01:08"]
[BlackClock "0:00:21"]
[Board "138"]

1. d4 b5 2. e4 a6 3. Bd3 Bb7 4. Qe2 g6 5. h4 Bg7 6. h5 Bxd4 7. hxg6 fxg6 8. e5 Qc8 9. Bxg6+ Kd8 10. Be4 d5 11. exd6 cxd6 12. Qf3 Nc6 13. c3 Ne5 14. Qf8+ Kc7 15. Qxc8+ Rxc8 16. Bxb7 Nd3+ 17. Kd2 Nxf2 18. Bxc8 Nxh1 19. cxd4 Kxc8 20. Ke3 Ng3 21. Kf3 Nf5 22. Be3 Nf6 23. Nd2 Nd5 24. Bf2 Rf8 25. Ke2 Nf4+ 26. Kf1 Nd3 27. Ngf3 Nxb2 28. Ke2 Na4 29. Rh1 Nc3+ 30. Kd3 Nd5 31. Rxh7 Nf4+ 32. Ke4 Nxg2 33. Ng5 d5+ 34. Kxd5 Nf4+ 35. Ke4 Nd6+ 36. Ke3 Nd5+ 37. Ke2 Nc3+ 38. Kd3 Nxa2 39. Bg3 Nb4+ 40. Ke2 a5 41. Rxe7 Nf5 42. Rc7+ Kd8 43. Ne6+ Ke8 44. Nxf8 Nxg3+ 45. Kf3 Nf5 46. Ne6 a4 47. Ne4 a3 48. Nf6# 1-0


[Site "https://www.chess.com"]

[Event "Titled Tuesday Blitz November 07 Early 2023"]
[White "Tifferet, Shaked"]
[Black "Gaikwad, Siddhant"]
[WhiteFideId "2811529"]
[BlackFideId "25010239"]
[WhiteElo "2518"]
[BlackElo "2274"]
[Result "1-0"]
[Round "5"]
[TimeControl "180+1"]
[Date "2023.11.07"]
[WhiteClock "0:02:04"]
[BlackClock "0:01:05"]
[Board "139"]

1. d4 Nf6 2. Nc3 c5 3. dxc5 e6 4. e4 Bxc5 5. e5 Ng8 6. Ne4 Qb6 7. Nxc5 Qxc5 8. Nf3 Nc6 9. Be3 Qb4+ 10. Qd2 Qxb2 11. Rd1 Nxe5 12. Bd4 Nxf3+ 13. gxf3 Qa3 14. Bxg7 f6 15. Bxh8 Qf8 16. Rg1 Ne7 17. Bg7 Qg8 18. Qh6 Nf5 19. Qxf6 1-0


[Site "https://www.chess.com"]

[Event "Titled Tuesday Blitz November 07 Early 2023"]
[White "Bilan, Danila"]
[Black "Quirke, Jeffrey"]
[WhiteFideId "24161918"]
[BlackFideId "2013029"]
[WhiteElo "2515"]
[BlackElo "2256"]
[Result "1-0"]
[Round "5"]
[TimeControl "180+1"]
[Date "2023.11.07"]
[WhiteClock "0:00:15"]
[BlackClock "0:00:00"]
[Board "140"]

1. d4 Nf6 2. Nf3 g6 3. Bg5 Bg7 4. c3 d6 5. Nbd2 c5 6. e3 Qb6 7. Nc4 Qc7 8. dxc5 Qxc5 9. Be2 O-O 10. O-O a5 11. Qd4 Nbd7 12. a4 b6 13. Qxc5 bxc5 14. Na3 Bb7 15. Rfd1 h6 16. Bh4 g5 17. Bg3 Ne4 18. Nd2 Nxg3 19. hxg3 Nb6 20. Nac4 Nxc4 21. Nxc4 Bc6 22. Bf3 Bxf3 23. gxf3 Rfb8 24. e4 Ra6 25. Kf1 Rd8 26. Rd2 Bf8 27. Rad1 e6 28. Ke2 Be7 29. f4 Kg7 30. Kf3 Rb8 31. f5 exf5 32. exf5 h5 33. Rh1 h4 34. Ne3 Bf6 35. Nd5 Be5 36. gxh4 gxh4 37. Rxh4 Rh8 38. f6+ Bxf6 39. Rxh8 Kxh8 40. Nxf6 1-0


[Site "https://www.chess.com"]

[Event "Titled Tuesday Blitz November 07 Early 2023"]
[White "Rodriguez Dominguez, Melissa"]
[Black "arenal72"]
[WhiteFideId "3517560"]
[WhiteElo "2254"]
[BlackElo "2514"]
[Result "0-1"]
[Round "5"]
[TimeControl "180+1"]
[Date "2023.11.07"]
[WhiteClock "0:00:08"]
[BlackClock "0:01:17"]
[Board "141"]

1. e4 Nc6 2. Nf3 d6 3. d4 Nf6 4. Nc3 g6 5. Be3 Bg7 6. Qd2 a6 7. Bh6 O-O 8. h4 Bg4 9. Bxg7 Kxg7 10. Nh2 b5 11. f3 Bd7 12. g4 e5 13. d5 Nd4 14. Ne2 Nxe4 15. fxe4 Qxh4+ 16. Kd1 Bxg4 17. Nxg4 Qxh1 18. Ng3 Qf3+ 19. Be2 Nxe2 20. Qh6+ Kg8 21. Nf6+ Qxf6 22. Nh5 Qh8 23. Kxe2 f6 24. Rg1 Kf7 25. Nxf6 Kxf6 26. Rf1+ Ke7 27. Qg5+ Rf6 0-1


[Site "https://www.chess.com"]

[Event "Titled Tuesday Blitz November 07 Early 2023"]
[White "Witty_Alien"]
[Black "Krzywda, Andrzej"]
[BlackFideId "1114565"]
[WhiteElo "2251"]
[BlackElo "2507"]
[Result "0-1"]
[Round "5"]
[TimeControl "180+1"]
[Date "2023.11.07"]
[WhiteClock "0:00:00"]
[BlackClock "0:00:02"]
[Board "142"]

1. e4 e5 2. Nf3 Nf6 3. d4 Nxe4 4. Nxe5 d5 5. Nd2 Nd6 6. c4 dxc4 7. Ndxc4 Be6 8. d5 Nxc4 9. Bxc4 Bb4+ 10. Kf1 O-O 11. Qb3 Bd6 12. dxe6 Bxe5 13. exf7+ Kh8 14. Be3 Nc6 15. Qxb7 Na5 16. Qd5 Nxc4 17. Qxc4 Bxb2 18. Rb1 Qf6 19. Ke2 Rxf7 20. Rhd1 Re8 21. Kf1 Rxe3 22. Rxb2 Re8 23. Re2 Ref8 24. Kg1 h6 25. Rde1 Qb6 26. Rf1 a5 27. Qe6 Qd4 28. Qe3 Qb4 29. g3 c5 30. Rc1 Rf5 31. Rec2 Qd4 32. Rxc5 Qxe3 33. fxe3 Rf2 34. Rc8 Rf7 35. Rxf8+ Rxf8 36. Rc5 Ra8 37. Kf2 Kg8 38. Rc7 Kf8 39. Kf3 a4 40. a3 Ra5 41. e4 Rb5 0-1


[Site "https://www.chess.com"]

[Event "Titled Tuesday Blitz November 07 Early 2023"]
[White "Grossboss19"]
[Black "Silvestre, Christian"]
[BlackFideId "30956269"]
[WhiteElo "2506"]
[BlackElo "2177"]
[Result "0-1"]
[Round "5"]
[TimeControl "180+1"]
[Date "2023.11.07"]
[WhiteClock "0:00:14"]
[BlackClock "0:00:26"]
[Board "143"]

1. Nf3 Nf6 2. b3 g6 3. Bb2 Bg7 4. e3 O-O 5. Be2 d5 6. O-O a5 7. a4 c6 8. d3 Bg4 9. Nbd2 Nbd7 10. h3 Bxf3 11. Nxf3 Qc7 12. c4 dxc4 13. bxc4 Ne8 14. Rb1 e5 15. d4 exd4 16. exd4 Nd6 17. Qb3 b6 18. Rfd1 Rfe8 19. Bf1 Ne4 20. Qc2 f5 21. Ba3 Ndf6 22. Qb3 Rab8 23. c5+ Kh8 24. cxb6 Qf4 25. Bc5 Nd5 26. Re1 g5 27. g3 Nxg3 28. fxg3 Qxg3+ 29. Bg2 Nf4 30. Qc2 g4 31. Rf1 Re2 32. Qxe2 Nxe2+ 33. Kh1 gxh3 34. Bxh3 Qxh3+ 35. Nh2 Ng3+ 36. Kg1 Nxf1 37. Nxf1 Bh6 38. Rb2 Rg8+ 39. Kf2 Qg2+ 40. Ke1 Qxb2 0-1


[Site "https://www.chess.com"]

[Event "Titled Tuesday Blitz November 07 Early 2023"]
[White "Santos Flores, Alberto"]
[Black "Estevez Polanco, Leonardo Rafael"]
[WhiteFideId "3601234"]
[BlackFideId "6402798"]
[WhiteElo "2506"]
[BlackElo "2170"]
[Result "1-0"]
[Round "5"]
[TimeControl "180+1"]
[Date "2023.11.07"]
[WhiteClock "0:00:20"]
[BlackClock "0:00:17"]
[Board "144"]

1. e4 e5 2. Nf3 Nc6 3. Bc4 Nf6 4. d3 Be7 5. O-O O-O 6. c3 d5 7. exd5 Nxd5 8. Re1 Bf6 9. Nbd2 Nb6 10. Bb5 Re8 11. Ne4 h6 12. h3 Bf5 13. Bxc6 bxc6 14. Nxf6+ Qxf6 15. d4 e4 16. Ne5 Rad8 17. Qh5 c5 18. dxc5 Rxe5 19. cxb6 cxb6 20. Bf4 Red5 21. Be3 Bg6 22. Qe2 Rd3 23. Bd4 Qe6 24. Rad1 Qxa2 25. Rxd3 exd3 26. Qe5 f6 27. Qc7 Rxd4 28. cxd4 Qxb2 29. Re7 Qa1+ 30. Kh2 Qxd4 31. Rxg7+ Kh8 32. Rxg6 Qe5+ 33. Qxe5 fxe5 34. Rd6 e4 35. Kg3 b5 36. Kf4 b4 37. Kxe4 b3 38. Kxd3 b2 39. Kc2 1-0


[Site "https://www.chess.com"]

[Event "Titled Tuesday Blitz November 07 Early 2023"]
[White "missponyo10"]
[Black "FoxOnTheRun97"]
[WhiteElo "2021"]
[BlackElo "2615"]
[Result "0-1"]
[Round "5"]
[TimeControl "180+1"]
[Date "2023.11.07"]
[WhiteClock "0:00:04"]
[BlackClock "0:00:20"]
[Board "145"]

1. e4 c6 2. d4 d5 3. Nd2 dxe4 4. Nxe4 Bf5 5. Ng3 Bg6 6. h4 h6 7. Nf3 Nd7 8. h5 Bh7 9. Bd3 Bxd3 10. Qxd3 e6 11. Bd2 Ngf6 12. O-O-O Be7 13. Ne4 Nxe4 14. Qxe4 Nf6 15. Qe2 Qd5 16. Kb1 Rd8 17. Ne5 Qe4 18. Qxe4 Nxe4 19. Be3 f6 20. Ng6 Rg8 21. Rhe1 Nd6 22. Bf4 Kf7 23. Nxe7 Kxe7 24. Bxd6+ Rxd6 25. c3 f5 26. Re5 Rd5 27. Re2 Kf6 28. Rde1 Re8 29. g3 f4 30. gxf4 Rxh5 31. Re5 Rf5 32. R5e4 h5 33. Kc2 h4 34. Kd3 h3 35. R4e3 Rxf4 36. Rxh3 Rxf2 37. b3 Rxa2 38. Rf3+ Ke7 39. Rg3 Rf2 40. Rxg7+ Rf7 41. Rg6 Kd7 42. Kc4 Ree7 43. Rh6 a5 44. Rh2 Rf3 45. Ra2 b5+ 46. Kc5 Rxc3+ 47. Kb6 Rxb3 48. Rxa5 Rc3 49. Ra7+ Kd6 50. Rxe7 Kxe7 51. d5 cxd5 52. Kxb5 Kd6 53. Kb4 Rc8 54. Rh1 d4 55. Rh5 e5 56. Rh6+ Kd5 57. Rh1 Rb8+ 58. Ka3 d3 59. Ka2 e4 60. Rd1 Kd4 61. Rh1 Kc3 62. Rh7 d2 63. Rc7+ Kd3 64. Rd7+ Ke2 65. Rd4 e3 66. Re4 d1=Q 67. Rxe3+ Kxe3 68. Ka3 Qb3# 0-1


[Site "https://www.chess.com"]

[Event "Titled Tuesday Blitz November 07 Early 2023"]
[White "marik_spb"]
[Black "Belov, Alexei"]
[BlackFideId "4128206"]
[WhiteElo "2394"]
[BlackElo "2612"]
[Result "1-0"]
[Round "5"]
[TimeControl "180+1"]
[Date "2023.11.07"]
[WhiteClock "0:01:18"]
[BlackClock "0:01:12"]
[Board "146"]

1. e4 e6 2. d4 d5 3. e5 c5 4. c3 Qb6 5. Nf3 Nc6 6. a3 Bd7 7. b4 cxd4 8. cxd4 Rc8 9. Be3 Nh6 10. Bd3 g6 11. O-O Ne7 12. Nbd2 Nhf5 13. g4 Nxe3 14. fxe3 Bg7 15. Qe2 Ba4 16. Rac1 O-O 17. Rxc8 Rxc8 18. Ng5 Rf8 19. h4 Qc7 20. h5 Bc2 21. hxg6 Bxd3 22. gxf7+ Kh8 23. Qxd3 Ng6 24. Nxe6 Qe7 25. Nxf8 Bxf8 26. Qf5 Qh4 27. Qf6+ Qxf6 28. Rxf6 1-0


[Site "https://www.chess.com"]

[Event "Titled Tuesday Blitz November 07 Early 2023"]
[White "Ovezdurdyyeva, Jemal"]
[Black "Horak, Martin"]
[WhiteFideId "14001888"]
[BlackFideId "367095"]
[WhiteElo "2366"]
[BlackElo "2522"]
[Result "1/2-1/2"]
[Round "5"]
[TimeControl "180+1"]
[Date "2023.11.07"]
[WhiteClock "0:00:11"]
[BlackClock "0:00:07"]
[Board "147"]

1. e4 e5 2. Nf3 Nc6 3. Bc4 Nf6 4. d3 Be7 5. O-O O-O 6. a3 d6 7. h3 Na5 8. Ba2 c5 9. b4 Nc6 10. c3 h6 11. Be3 a6 12. Nbd2 b5 13. Nb3 cxb4 14. axb4 Be6 15. Bb1 a5 16. Nxa5 Nxa5 17. bxa5 Rxa5 18. Bc2 Qa8 19. Rb1 Rb8 20. Re1 Ra2 21. d4 Nxe4 22. Bxe4 Qxe4 23. dxe5 Qd5 24. Qxd5 Bxd5 25. exd6 Bxd6 26. Nd4 Bc4 27. Ra1 Rba8 28. Rxa2 Rxa2 29. Nf5 Bf8 30. Bd4 Ra8 31. Re3 g6 32. Ng3 Be6 33. Ne4 Bg7 34. Nf6+ Bxf6 35. Bxf6 Rc8 36. h4 h5 37. Rd3 Kf8 38. Rd6 Ke8 39. Rb6 Bc4 40. f3 Ra8 41. Kf2 Rc8 42. Ke3 Kd7 43. g4 Rc6 44. Rxc6 Kxc6 45. Kf4 Kd7 46. Kg5 hxg4 47. fxg4 Ke6 48. h5 gxh5 49. gxh5 Bd3 50. Bd4 f5 51. Kf4 Kf7 52. h6 Kg8 53. Bg7 Bc4 54. Kg5 Kh7 55. Kxf5 Bf1 56. Ke5 Bc4 57. Kd4 Bf1 58. Kc5 Be2 59. Kd4 Bf1 60. Ke3 Bc4 61. Kd4 Ba2 62. Ke3 Bc4 63. Kd4 1/2-1/2


[Site "https://www.chess.com"]

[Event "Titled Tuesday Blitz November 07 Early 2023"]
[White "Dishman, Stephen"]
[Black "Kochiev, Ivan"]
[WhiteFideId "403024"]
[BlackFideId "2917890"]
[WhiteElo "2356"]
[BlackElo "2521"]
[Result "1-0"]
[Round "5"]
[TimeControl "180+1"]
[Date "2023.11.07"]
[WhiteClock "0:00:14"]
[BlackClock "0:00:12"]
[Board "148"]

1. d4 Nf6 2. Bg5 Ne4 3. Bf4 d5 4. e3 c5 5. Bd3 Nf6 6. c3 Qb6 7. Nd2 Qxb2 8. Ne2 Nc6 9. O-O Qb6 10. Rb1 Qd8 11. e4 dxe4 12. Nxe4 cxd4 13. cxd4 e6 14. Nxf6+ Qxf6 15. Qa4 Qd8 16. Be4 Bd7 17. Rxb7 Rc8 18. Rc1 Ne5 19. Rxc8 Qxc8 20. Qxa7 Nc6 21. Bxc6 Qxc6 22. Rb8+ Ke7 23. Qa3+ Kf6 24. Be5+ Kg6 25. Qg3+ Kh6 26. Qh4+ Kg6 27. Qg4+ Kh6 28. Bf4+ g5 29. Qxg5# 1-0


[Site "https://www.chess.com"]

[Event "Titled Tuesday Blitz November 07 Early 2023"]
[White "Skaric, Djuro"]
[Black "Khamdamova, Afruza"]
[WhiteFideId "934569"]
[BlackFideId "14210444"]
[WhiteElo "2353"]
[BlackElo "2512"]
[Result "0-1"]
[Round "5"]
[TimeControl "180+1"]
[Date "2023.11.07"]
[WhiteClock "0:01:06"]
[BlackClock "0:00:26"]
[Board "149"]

1. g3 Nf6 2. Bg2 d5 3. d3 c5 4. Nf3 Nc6 5. O-O e6 6. h3 Be7 7. Nc3 O-O 8. e4 d4 9. Ne2 e5 10. Ne1 b5 11. f4 c4 12. f5 Ba6 13. Rf2 Rc8 14. Bf1 Nd7 15. h4 Nc5 16. Rh2 b4 17. b3 cxd3 18. cxd3 Qb6 19. Kg2 Bb7 20. Ng1 a5 21. Kh3 Na7 22. g4 Nb5 23. g5 Nc3 24. Qg4 Kh8 25. h5 h6 26. g6 f6 27. Ngf3 Rc7 28. Rb2 Rfc8 29. Bd2 Bf8 30. Nh2 a4 31. bxa4 N5xa4 32. Rc2 Nc5 33. Bg2 Qa6 34. Bxc3 dxc3 35. Rb1 Rd8 36. Bf1 Qa4 37. Qg2 Rcd7 38. Rd1 Ba6 39. Qf3 Nxd3 40. Bxd3 Bxd3 41. Rxd3 Rxd3 42. Nxd3 Qxc2 43. Nf2 Qxa2 44. Nhg4 c2 45. Qe3 Qa3 0-1


[Site "https://www.chess.com"]

[Event "Titled Tuesday Blitz November 07 Early 2023"]
[White "Matthes, Aaron"]
[Black "LouieKov2022"]
[WhiteFideId "16227310"]
[WhiteElo "2348"]
[BlackElo "2512"]
[Result "0-1"]
[Round "5"]
[TimeControl "180+1"]
[Date "2023.11.07"]
[WhiteClock "0:00:21"]
[BlackClock "0:00:29"]
[Board "150"]

1. Nf3 d5 2. d4 Nf6 3. g3 c6 4. Bg2 Bf5 5. O-O h6 6. b3 e6 7. Bb2 Bd6 8. c4 Ne4 9. Nfd2 Nxd2 10. Qxd2 O-O 11. Nc3 Nd7 12. e4 dxe4 13. Nxe4 Be7 14. Rad1 a5 15. a3 Nf6 16. Rfe1 Qb6 17. Qc3 Rfd8 18. Bc1 Rd7 19. Nxf6+ Bxf6 20. Be3 Rad8 21. d5 Bxc3 22. Bxb6 Bxe1 23. Bxd8 Rxd8 24. Rxe1 cxd5 25. cxd5 exd5 26. Rd1 Be6 27. Rd4 Kf8 28. Kf1 Ke7 29. Ke1 Kd6 30. Kd2 Kc5 31. Kc3 Rc8 32. b4+ Kd6+ 33. Kb3 Rc4 34. Rd2 axb4 35. axb4 d4 36. Ka4 Bd7+ 37. Ka5 b6+ 38. Kxb6 Rxb4+ 39. Ka5 Kc5 40. Bf1 Ra4# 0-1


[Site "https://www.chess.com"]

[Event "Titled Tuesday Blitz November 07 Early 2023"]
[White "Maect19"]
[Black "a-z30"]
[WhiteElo "2329"]
[BlackElo "2508"]
[Result "0-1"]
[Round "5"]
[TimeControl "180+1"]
[Date "2023.11.07"]
[WhiteClock "0:00:16"]
[BlackClock "0:00:08"]
[Board "151"]

1. d4 Nf6 2. Nf3 e6 3. e3 b6 4. Bd3 Bb7 5. O-O Be7 6. Nbd2 O-O 7. b3 c5 8. Bb2 Nc6 9. c4 cxd4 10. Nxd4 Ne5 11. Bb1 Qb8 12. N2f3 Nfg4 13. Nxe5 Nxe5 14. Qh5 g6 15. Qh3 a6 16. Nf3 Bxf3 17. gxf3 Bf6 18. Be4 Ra7 19. Rab1 Bg7 20. Rfd1 b5 21. c5 Rc7 22. f4 Nc6 23. Bxg7 Kxg7 24. Rd6 Ne7 25. b4 a5 26. a3 axb4 27. axb4 Ra7 28. Rbd1 Ra4 29. R1d4 Ra1+ 30. Kg2 Nc6 31. Bxc6 dxc6 32. Rxc6 Qa8 33. Qf3 Qa2 34. Rc7 Qb1 35. Kh3 Qf5+ 36. Qg4 Qc2 37. Qh4 Rf1 38. Kg2 Qc1 39. Rdd7 Rg1+ 40. Kh3 Qf1# 0-1


[Site "https://www.chess.com"]

[Event "Titled Tuesday Blitz November 07 Early 2023"]
[White "Zaksaite, Salomeja"]
[Black "Baches Garcia, Guillermo"]
[WhiteFideId "12801496"]
[BlackFideId "2209764"]
[WhiteElo "2319"]
[BlackElo "2494"]
[Result "1-0"]
[Round "5"]
[TimeControl "180+1"]
[Date "2023.11.07"]
[WhiteClock "0:00:24"]
[BlackClock "0:01:06"]
[Board "152"]

1. e4 d5 2. exd5 Qxd5 3. Nc3 Qa5 4. Bc4 Nf6 5. d3 a6 6. Bd2 Qe5+ 7. Qe2 Qxe2+ 8. Ngxe2 b5 9. Bb3 Bb7 10. O-O e6 11. Ng3 Nc6 12. Nce4 Nd4 13. Nxf6+ gxf6 14. Bc3 O-O-O 15. Bxd4 Rxd4 16. a4 Rg8 17. axb5 axb5 18. f3 Bc5 19. Kh1 f5 20. Ne2 Rh4 21. h3 Bb6 22. c3 Rh6 23. d4 Rhg6 24. Nf4 R6g7 25. Rfe1 c6 26. Nxe6 Rxg2 27. Nf4 Rxb2 28. Bxf7 Rg3 29. Be6+ Kc7 30. Bxf5 Rxf3 31. Re7+ Kd6 32. Rd7# 1-0


[Site "https://www.chess.com"]

[Event "Titled Tuesday Blitz November 07 Early 2023"]
[White "Vifleemskaia, Svetlana"]
[Black "Kubicka, Anna"]
[WhiteFideId "4129490"]
[BlackFideId "1152254"]
[WhiteElo "2288"]
[BlackElo "2490"]
[Result "0-1"]
[Round "5"]
[TimeControl "180+1"]
[Date "2023.11.07"]
[WhiteClock "0:00:00"]
[BlackClock "0:00:10"]
[Board "153"]

1. d4 Nf6 2. c4 c5 3. d5 e6 4. Nc3 exd5 5. cxd5 d6 6. e4 g6 7. Nf3 Bg7 8. Nd2 O-O 9. Be2 a6 10. a4 Re8 11. O-O Nbd7 12. f3 Ne5 13. Nc4 Nxc4 14. Bxc4 b6 15. Bg5 Rb8 16. Qd2 Qc7 17. Bh6 Bd7 18. Bxg7 Kxg7 19. Bxa6 Kg8 20. Bb5 Ra8 21. b3 Qd8 22. Bxd7 Nxd7 23. Nb5 Ne5 24. Qf4 Rf8 25. Qg3 Qe7 26. f4 Nd7 27. Rae1 c4 28. e5 dxe5 29. fxe5 Qc5+ 30. Kh1 cxb3 31. Qxb3 Qc8 32. Nd6 Qb8 33. Nxf7 Nc5 34. Nh6+ Kg7 35. Qh3 Rxf1+ 36. Rxf1 Qxe5 37. Rf7+ Kh8 38. Qf3 Qe1+ 39. Qf1 Qxf1+ 40. Rxf1 Rxa4 41. h3 Rd4 42. Rb1 Na4 43. Nf7+ Kg7 44. Ne5 Rxd5 45. Nc4 b5 46. Na3 Nc3 47. Rb3 Rc5 48. Kh2 Kf6 49. Rb4 Ke5 0-1


[Site "https://www.chess.com"]

[Event "Titled Tuesday Blitz November 07 Early 2023"]
[White "Devaev, Alexander"]
[Black "Tharushi, T H D Niklesha"]
[WhiteFideId "4169395"]
[BlackFideId "9918264"]
[WhiteElo "2470"]
[BlackElo "2268"]
[Result "1-0"]
[Round "5"]
[TimeControl "180+1"]
[Date "2023.11.07"]
[WhiteClock "0:00:08"]
[BlackClock "0:00:00"]
[Board "154"]

1. Nf3 d5 2. c4 Nf6 3. cxd5 Nxd5 4. d4 e6 5. e4 Nb6 6. Nc3 Bb4 7. Be3 O-O 8. Qc2 Nc6 9. a3 Bd6 10. Bd3 f5 11. O-O h6 12. Rad1 g5 13. d5 exd5 14. exd5 Ne5 15. Nxe5 Bxe5 16. f4 Bxc3 17. Bxb6 axb6 18. Qxc3 g4 19. Rfe1 Qd6 20. Re5 Bd7 21. b4 Rad8 22. Bc4 Kh7 23. Rde1 Rf7 24. Qe3 Ba4 25. Re6 Qf8 26. Qg3 b5 27. Ba2 Bc2 28. R6e5 Be4 29. R5xe4 fxe4 30. Rxe4 Qg7 31. Re5 Rdf8 32. Bb1+ Kg8 33. f5 Qg5 34. Bd3 Qc1+ 35. Re1 Qg5 36. h4 gxh3 37. Qxh3 Rg7 38. Re6 Rf6 39. Qf3 Qc1+ 40. Bf1 Qg5 41. Qe4 Qxf5 42. Re8+ Rf8 43. Qxf5 Rxe8 44. Qh3 Re1 45. Qd3 Rf7 46. Qg6+ Kf8 47. Qxh6+ Ke8 48. Qh8+ Ke7 49. Qh4+ Kd6 50. Qh6+ Kxd5 51. Qd2+ Kc6 52. Qxe1 Kb6 53. Qc1 Ka6 54. Be2 c6 55. Bf3 Re7 56. Qc5 Re6 57. Kf2 Rf6 58. Qe7 Rf5 59. Qd8 Re5 60. Qc7 1-0


[Site "https://www.chess.com"]

[Event "Titled Tuesday Blitz November 07 Early 2023"]
[White "Kula, Robert"]
[Black "Ionescu, Mihai"]
[WhiteFideId "1101218"]
[BlackFideId "1202499"]
[WhiteElo "2261"]
[BlackElo "2463"]
[Result "0-1"]
[Round "5"]
[TimeControl "180+1"]
[Date "2023.11.07"]
[WhiteClock "0:00:38"]
[BlackClock "0:00:18"]
[Board "155"]

1. d4 Nf6 2. c4 e6 3. Nf3 d5 4. e3 Be7 5. Nc3 O-O 6. Bd3 dxc4 7. Bxc4 c5 8. O-O Nc6 9. b3 b6 10. Bb2 cxd4 11. exd4 Nb4 12. Ba3 Bb7 13. Re1 Nfd5 14. Nxd5 Bxd5 15. Ne5 Rc8 16. Qd2 Bxc4 17. bxc4 Nc6 18. Nxc6 Rxc6 19. Bxe7 Qxe7 20. Rac1 Rfc8 21. Qd3 Qc7 22. c5 bxc5 23. d5 c4 24. Qf3 exd5 25. Qxd5 c3 26. h3 g6 27. h4 h5 28. Qf3 c2 29. Re2 Qd7 30. Qb3 Qg4 31. f3 Qd4+ 32. Kf1 Qxh4 33. Rcxc2 Rxc2 34. Rxc2 Rxc2 35. Qxc2 Qd4 36. Ke2 Kg7 37. Qb3 h4 38. Qc2 Qe5+ 39. Kf2 a5 40. Qa4 Qg3+ 41. Kf1 h3 42. Qd4+ Kh7 43. Qf6 Qxg2+ 44. Ke1 Qg3+ 45. Kf1 Qg2+ 46. Ke1 Qg3+ 47. Kf1 h2 48. Qxf7+ Kh6 49. Qf8+ Kh5 50. Qh8+ Kg5 51. Qd8+ Kf4 52. Qd6+ Kxf3 53. Qd5+ Kg4 54. Qd6 Qxd6 55. Kg2 Qg3+ 0-1


[Site "https://www.chess.com"]